Orko, chaotic male orcish Rogue -------------------------------- |..............................| |...-------- ----------- | |...|_**| |...|*==| |..o|...|+-- |..@--+--..| |..).......| |........{.- |.................. |...--+--...........- |..=| ------- ---- |...| +..d| |...- .... ----- Orko the Cutpurse Experience level: 5 Strength: 18 Dexterity: 17 Constitution: 13 Intelligence: 10 Wisdom: 9 Charisma: 7 Health: 0(31) Energy: 17(17) Def: 7 Gold: 101 Moves: 993 Dungeon seed: 7biAjz-dmsrRQaXN Game ID: Orko_1571148845 Your Inventory: Boulders/Statues w - an uncursed statue of a lichen Armor h - an uncursed +0 orcish helm (being worn) n - a blessed +1 dwarvish cloak (being worn) r - an uncursed +0 dwarvish cloak u - an uncursed +1 leather armor (being worn) z - an uncursed +0 pair of iron shoes (being worn) A - an uncursed +0 pair of iron shoes D - an uncursed +0 dwarvish cloak Y - a blessed +1 dwarvish cloak Weapons a - an uncursed +0 elven dagger named Arga (alternate weapon; not wielded) c - an uncursed +0 orcish short sword named Warga (weapon in hand) t - 31 uncursed +0 darts y - 3 uncursed +0 daggers B - 12 cursed -1 arrows O - an uncursed +0 orcish dagger Wands l - an uncursed wand of create monster (0:15) Potions i - an uncursed potion of sleeping Scrolls k - an uncursed scroll of earth Comestibles m - 2 uncursed tripe rations M - 2 uncursed food rations N - an uncursed fortune cookie Tools j - an uncursed lock pick o - an uncursed sack named X p - an uncursed towel E - 6 uncursed tallow candles (0:200) G - 2 uncursed wax candles (0:400) Gems v - 2 uncursed worthless pieces of yellowish brown glass C - 2 uncursed worthless pieces of yellow glass F - an uncursed worthless piece of black glass I - an uncursed worthless piece of blue glass Coins $ - 101 gold pieces Contents of the sack named X: an uncursed potion of sickness Spells and supernatural/magical abilities: Name Level Category Fail Memory W - pray for help -- divine ? -- Your skills at the end: Fighting Skills Weapon Skills dagger [Basic] short sword [Basic] Spellcasting Skills Final Attributes: You had transgressed. You were poison resistant. You were hallucinating. You had infravision. You were stealthy. You are dead. Vanquished creatures: a dwarf lord an imp 4 gnome lords 2 gnomish wizards 4 dwarves a hobbit 2 giant rats 15 gnomes a jackal a fox 2 kobolds a goblin a grid bug a kobold zombie a newt and a partridge in a pear tree 38 creatures vanquished. Voluntary challenges: You were an atheist. You used a wielded weapon 30 times, starting on turn 115. You were illiterate. You never genocided any monsters. You never polymorphed an object. You never changed form. You used no wishes. You never split a pudding. You never wrote Elbereth's name. You violated your moral code, losing 33 points of alignment, starting on turn 740. You abstained from Elbereth's help. You werepermanently hallucinating. Dungeon overview: The Dungeons of Doom: levels 1 to 3 Level 1 a fountain a long staircase Level 2 a delicatessen Level 3 stairs to The Gnomish Mines The Gnomish Mines: levels 4 to 7 Level 4 stairs to The Dungeons of Doom Level 5 Level 6 Level 7 <- You were here a bookstore, a fountain History has recorded: On T:1 you entered the Dungeons of Doom to retrieve the Amulet of Yendor! On T:42 you reached level 2 of The Dungeons of Doom. On T:321 you reached level 3 of The Dungeons of Doom. On T:360 you reached level 1 of The Gnomish Mines. On T:382 you advanced to experience level 2. On T:391 you advanced to experience level 3. On T:408 you advanced to experience level 4. On T:607 you reached level 2 of The Gnomish Mines. On T:618 you advanced to experience level 5. On T:954 you reached level 4 of The Gnomish Mines. Score breakdown: Gold: 101 ( 6832 points) Experience: 5 levels (11141 points) Exploration: 7 levels ( 13.73%) (10392 points) Discoveries: 2 items ( 0.70%) ( 2504 points) Valuables value: (no points given unless you survive) Artifact value: 0 ( 0 points) Variety of kills: 15 monsters ( 3.94%) ( 5952 points) Turncount: 993 turns ( 0 points) Survival: died (score multiplied by 80%) Total score: 29456 Latest messages: You throw 2 orcish daggers. The orcish dagger hits it. You throw 2 orcish daggers. The 1st orcish dagger hits it. The 2nd orcish dagger hits it. You kill the aardvark! You see here a pick-axe. The nalfeshnee gets angry! You hit it. You see an angry guard approaching! You are now wielding your orcish short sword named Warga. a - a runed dagger named Arga (alternate weapon; not wielded). You hit it. The killer penguin wields a spear! The winter wolf cub hurls a brilliant blue potion! The brilliant blue potion misses it. The bottle crashes on your head and breaks into shards. Something seems to be holding you. The iron golem hits! The Olog-hai hits! The purple worm hits! You die... The statue of a lichen is empty. The statue of a lichen is empty. Final status: Goodbye Orko the Rogue, killed by a hallucinogen-distorted watchman, while frozen by potion vapours... You died in The Gnomish Mines on dungeon level 7 with 29456 points, and 101 pieces of gold, after 993 moves. You were level 5 with a maximum of 31 hit points when you died.